 Dungeon Crawl Stone Soup version 0.19-a0-1682-g5114f93 (webtiles) character file.

1570 dobroeutro the Basher (level 8, -7/41 HPs)
             Began as a Gargoyle Fighter on Sept 24, 2016.
             Was an Initiate of Okawaru.
             Killed by divine providence
             ... invoked by an orc priest
              (10 damage)
             ... on level 6 of the Dungeon.
             The game lasted 00:13:01 (5165 turns).

dobroeutro the Basher (Gargoyle Fighter)            Turns: 5165, Time: 00:13:01

Health: -7/41      AC: 17    Str: 25    XL:     8   Next: 90%
Magic:  8/8        EV:  7    Int:  9    God:    Okawaru [......]
Gold:   204        SH:  9    Dex: 10    Spells: 0 memorised, 7 levels left

rFire  . . .     SeeInvis .     E - +2 flail (drain)
rCold  . . .     Gourm    .     b - +0 scale mail
rNeg   + . .     Faith    .     c - +0 shield
rPois  ∞         Spirit   .     t - +0 helmet
rElec  +         Dismiss  .     k - +2 cloak
rCorr  .         Reflect  .     (no gloves)
MR     ++...     Harm     .     (no boots)
Stlth  ..........               (no amulet)
                                (no ring)
                                B - ring of protection from magic

@: no status effects
A: frail 1, magic resistance 1, negative energy resistance 1, electricity
resistance, strong 2, unbreathing, petrification resistance, rot immunity, AC +5
a: Renounce Religion


You were on level 6 of the Dungeon.
You worshipped Okawaru.
Okawaru was noncommittal.
You were not hungry.

You visited 2 branches of the dungeon, and saw 7 of its levels.

You collected 204 gold pieces.

Inventory:

Hand Weapons
 E - a +2 flail of draining (weapon)
Armour
 b - a +0 scale mail (worn)
 c - a +0 shield (worn)
 k - a +2 cloak (worn)
 t - a +0 helmet (worn)
Jewellery
 B - a ring of protection from magic (left hand)
Wands
 C - a wand of digging (12/24)
Scrolls
 e - 4 scrolls of magic mapping {unknown}
 h - 7 scrolls of teleportation
 n - 5 scrolls of remove curse
 o - a scroll of enchant armour {unknown}
 p - a scroll of noise {unknown}
 q - 9 scrolls of identify {unknown}
 s - a scroll of fear {unknown}
 y - a scroll of fog {unknown}
Potions
 d - a potion of might
 g - a potion of mutation {unknown}
 i - 2 potions of ambrosia {unknown}
 l - a potion of beneficial mutation {unknown}
 m - 2 potions of lignification {unknown}
 r - a potion of berserk rage {unknown}
 u - 2 potions of degeneration {unknown}
 v - 4 potions of heal wounds {unknown}
 w - a potion of resistance {unknown}
 x - a potion of flight {unknown}
 z - a potion of brilliance {unknown}
 D - a potion of haste {unknown}
Comestibles
 f - 5 bread rations
 j - 2 fruits
 A - 2 beef jerkies


   Skills:
 + Level 3.4 Fighting
 + Level 10.8 Maces & Flails
 + Level 3.4 Armour
 + Level 0.1 Dodging
 + Level 3.4 Shields


You had 7 spell levels left.
You didn't know any spells.

Dungeon Overview and Level Annotations

Branches:
Dungeon (6/15)             Temple (1/1) D:5

Altars:
Ashenzari
Cheibriados
Dithmenos
Fedhas
Gozag
Hepliaklqana
Kikubaaqudgha
Makhleb
Nemelex Xobeh
Okawaru
Qazlal
Ru
Sif Muna
Trog
Vehumet
Xom
Yredelemnul
Zin

Shops:
D:4 (   D:6 =


Innate Abilities, Weirdness & Mutations

You are resistant to torment.
Your stone body is resilient. (AC +5)
You are immune to poison.
You resist negative energy. (rN+)
You are resistant to electric shocks. (rElec)
You can survive without breathing.
You are immune to petrification.
You are immune to rotting.
You are frail. (-10% HP)
You are resistant to hostile enchantments. (MR+)
Your muscles are very strong. (Str +4)


Message History

You block the bullfrog's attack. You block the bullfrog's attack.
The bullfrog barely misses you.
The orc priest seems less drained.
The bullfrog barely misses you.
The bullfrog hits you but does no damage.
You block the bullfrog's attack.
The bullfrog hits you but does no damage.
There is an open door here.
The bullfrog hits you but does no damage.
There is an entrance to Zexaug's Jewellery Emporium here.
There is an open door here.
A gnoll shaman opens the door.
You block the bullfrog's attack.
The bullfrog hits you but does no damage.
The orc priest calls down the wrath of Beogh upon you.
Beogh smites you!
* * * LOW HITPOINT WARNING * * *
The bullfrog hits you but does no damage.
The orc priest calls down the wrath of Beogh upon you.
Beogh smites you!
You die...

.. ##.... #. ###......
#.##......... ..#.........<
#.............
#...............
#####.#..............
#...g.F@............. ##
###'#..o.#............. .###
#.'∩'o##...............
oo.#####.#'####...............
......#.oo.# ##............(.
.....o..#### ##..#.††.......
.........# #..###......#
..........# ##..#......##
..........# ##....#####


You could see an orc warrior, a bullfrog, a gnoll shaman, an orc priest and an
orc.

Vanquished Creatures
  The ghost of Bronet the Skirmisher, an amateur DsAK of Lugonu (D:5)
  The ghost of Gruesome the Cudgeler, an amateur OgAM (D:3)
  2 sky beasts (D:5)
  2 bullfrogs
  A scorpion (D:6)
  2 howler monkeys (D:5)
  A bullfrog zombie (D:5)
  3 orc priests
  4 hounds
  3 orc wizards
  A jelly (D:5)
  An iguana (D:4)
  Terence (D:3)
  3 worker ants (D:4)
  Robin (D:4)
  7 gnolls
  7 adders
  2 shadow imps (D:5)
  An ooze (D:5)
  An adder skeleton (D:4)
  3 worms
  3 dart slugs
  5 leopard geckos
  10 orcs
  10 bats
  7 giant cockroaches
  20 goblins
  12 hobgoblins
  3 jackals (D:3)
  3 quokkas
  A ball python (D:1)
  A frilled lizard (D:3)
  A giant cockroach zombie (D:5)
  A jackal zombie (D:5)
  13 kobolds
  14 rats (D:1)
  A spectral orc (D:5)
153 creatures vanquished.

Notes
Turn   | Place    | Note
-------+----------+-------------------------------------------
     0 | D:1      | dobroeutro the Gargoyle Fighter began the quest for the Orb.
     0 | D:1      | Reached XP level 1. HP: 14/14 MP: 1/1
    47 | D:1      | Reached XP level 2. HP: 11/19 MP: 2/2
   170 | D:1      | Reached skill level 3 in Maces & Flails
   280 | D:1      | Reached XP level 3. HP: 22/23 MP: 3/3
   888 | D:1      | Reached skill level 4 in Maces & Flails
  1015 | D:2      | Reached XP level 4. HP: 24/28 MP: 4/4
  1073 | D:2      | Found a shimmering altar of Xom.
  1076 | D:2      | Found an opulent altar of Gozag.
  1078 | D:2      | Found a radiant altar of Vehumet.
  1105 | D:2      | Found a blossoming altar of Fedhas.
  1679 | D:2      | Reached skill level 5 in Maces & Flails
  1679 | D:2      | Reached XP level 5. HP: 29/32 MP: 5/5
  1766 | D:2      | Found a burning altar of Makhleb.
  1852 | D:3      | Found a glowing silver altar of Zin.
  1882 | D:3      | Noticed Gruesome's ghost (amateur OgAM)
  1898 | D:3      | Killed Gruesome's ghost
  1898 | D:3      | Reached skill level 6 in Maces & Flails
  1898 | D:3      | Reached XP level 6. HP: 20/37 MP: 6/6
  2122 | D:3      | Noticed Terence
  2136 | D:3      | Killed Terence
  2140 | D:3      | Reached skill level 7 in Maces & Flails
  2511 | D:3      | Reached XP level 7. HP: 41/41 MP: 7/7
  2888 | D:4      | Identified the Almanac of Ensnaring Darkness
  3066 | D:4      | Reached skill level 8 in Maces & Flails
  3137 | D:4      | Found Haluam's Weapon Emporium.
  3507 | D:4      | Noticed Robin
  3581 | D:4      | Killed Robin
  3874 | D:5      | Entered Level 5 of the Dungeon
  3986 | D:5      | Noticed Bronet's ghost (amateur DsAK)
  4042 | D:5      | Killed Bronet's ghost
  4042 | D:5      | Reached skill level 9 in Maces & Flails
  4042 | D:5      | Reached XP level 8. HP: 42/46 MP: 8/8
  4284 | D:5      | Reached skill level 10 in Maces & Flails
  4297 | D:5      | Gained mutation: You are resistant to hostile enchantments. (MR+) [mutagenic meat]
  4443 | D:5      | Found a staircase to the Ecumenical Temple.
  4462 | Temple   | Entered the Ecumenical Temple
  4591 | Temple   | Became a worshipper of Warmaster Okawaru
  4633 | D:5      | Gained mutation: You are frail. (-10% HP) [mutagenic meat]
  4636 | D:5      | Gained mutation: Your muscles are strong. (Str +2) [mutagenic meat]
  4639 | D:5      | Gained mutation: Your muscles are very strong. (Str +4) [mutagenic meat]
  4892 | D:5      | Found a basalt altar of Yredelemnul.
  5059 | D:6      | Found Zexaug's Jewellery Emporium.
  5165 | D:6      | Killed from afar by an orc priest

Vault maps used:
D:1:      erik_arrival_orb_chamber, minivault_11, minmay_pentomino_s2
D:2:      fedhas_altar_3, grunt_temple_overflow_open,
          makhleb_blood_cavern_becter
D:3:      nicolae_overflow_crystal_walls, uniq_terence
D:4:      serial_shops, shop_statue, kennysheep_potato, uniq_robin
D:5:      yredelemnul_forgotten_temple_becter, first_bread
D:6:      serial_shops, nicolae_shop_behind_doors
Temple:   regret_index_temple_generic_petals

Skill      XL: |  1  2  3  4  5  6  7  8 |
---------------+-------------------------+-----
Maces & Flails | 3 4 5 6 7 9 10 | 10.8
Fighting       | |  3.4
Armour         | |  3.4
Dodging        | |  0.1
Shields        | |  3.4

Action                   |  1- 3 |  4- 6 |  7- 9 || total
-------------------------+-------+-------+-------++-------
Melee: Flail             |    68 |       |   229 ||   297
       Mace              |   108 |   217 |   111 ||   436
  Use: Scroll            |     4 |     1 |       ||     5
  Eat: Chunk             |       |     6 |    10 ||    16
       Meat ration       |       |       |     1 ||     1
Armor: Scale mail        |    95 |   123 |   190 ||   408
Dodge: Dodged            |    51 |    72 |   100 ||   223
Block: Shield            |   107 |    92 |   165 ||   364
